 Dungeon Crawl Stone Soup version 0.28.0-43-g3370ac3207 (webtiles) character file.

Game seed: 12130195001111591943

17451 safid the Severer (level 12, -3/115 HPs)
             Began as a Hill Orc Fighter on Mar 21, 2022.
             Was an Elder of Beogh.
             Slain by a fire elemental (6 damage)
             ... in a volcano.
             The game lasted 00:23:47 (14538 turns).

safid the Severer (Hill Orc Fighter)               Turns: 14538, Time: 00:23:48

Health: -3/115     AC: 20    Str: 24    XL:     12   Next: 48%
Magic:  17/17      EV:  9    Int:  8    God:    Beogh [****..]
Gold:   445        SH:  5    Dex: 14    Spells: 11/11 levels left

rFire   . . .      SeeInvis .   t - +9 trident of Imminent Death {flame, rPois Dex+4}
rCold   + + .      Faith    +   c - +0 buckler
rNeg    . . .      Spirit   .   e - +0 ice dragon scales
rPois   +          Reflect  .   m - +0 helmet
rElec   .          Harm     .   w - +0 cloak
rCorr   +          Rampage  .   v - +0 pair of gloves
Will    .....                   g - +1 pair of boots
Stlth   ..........              B - amulet of faith
HPRegen 0.29/turn               K - ring of resist corrosion
MPRegen 0.15/turn               j - ring of protection from fire

@: no status effects
A: no striking features
a: Renounce Religion, Smiting, Recall Orcish Followers


You were in a volcano.
You worshipped Beogh.
Beogh was greatly pleased with you.
You visited 2 branches of the dungeon, and saw 14 of its levels.
You also visited: Volcano.

You collected 549 gold pieces.
You spent 104 gold pieces at shops.

Inventory:

Hand Weapons
 a - a +0 war axe
 t - the +9 trident of Imminent Death (weapon) {flame, rPois Dex+4}
   (You found it on level 4 of the Dungeon)

   It burns those it strikes, dealing additional fire damage.
   Dex:       It affects your dexterity (+4).
   rPois:     It protects you from poison.
Missiles
 z - a throwing net
 G - 14 poisoned darts (quivered)
Armour
 c - a +0 buckler (worn)
 e - +0 ice dragon scales (worn)
 g - a +1 pair of boots (worn)
 m - a +0 helmet (worn)
 v - a +0 pair of gloves (worn)
 w - a +0 cloak (worn)
Jewellery
 b - a ring of protection from cold
 j - a ring of protection from fire (right hand)
 B - an amulet of faith (around neck)
 F - a ring of see invisible
 K - a ring of resist corrosion (left hand)
Wands
 i - a wand of acid (5)
 I - a wand of iceblast (7)
 J - a wand of flame (12)
Scrolls
 f - 2 scrolls of fog
 n - 2 scrolls of amnesia
 p - 2 scrolls of brand weapon
 u - 4 scrolls of teleportation
 x - 3 scrolls of enchant weapon
 y - a scroll of blinking
 A - a scroll of holy word
 C - 2 scrolls of magic mapping
 D - a scroll of enchant armour
 E - 2 scrolls of identify
 H - a scroll of fear
Potions
 d - 2 potions of might
 h - 3 potions of haste
 k - a potion of magic {unknown}
 l - a potion of resistance {unknown}
 o - 5 potions of curing
 q - a potion of heal wounds
 r - 2 potions of flight


   Skills:
 + Level 13.5 Fighting
 - Level 16.0 Axes
 + Level 11.5 Armour
 - Level 4.0 Shields
 + Level 7.1 Invocations


You had 11 spell levels left.
You didn't know any spells.
Your spell library contained the following spells:

 Spells                   Type           Power      Damage    Failure   Level
 Shock                    Conj/Air       0%         1d3       80%         1
 Ensorcelled Hibernation  Hex/Ice        0%         N/A       90%         2
 Spider Form              Tmut/Pois      0%         N/A       99%         3
 Swiftness                Air            0%         N/A       99%         3
 Airstrike                Air            0%         N/A       100%        4
 Anguish                  Hex/Necr       0%         N/A       100%        4
 Leda's Liquefaction      Hex/Erth       0%         N/A       100%        4
 Lee's Rapid Deconstruct  Erth           0%         3d5*      100%        5
 Statue Form              Tmut/Erth      0%         N/A       100%        6


Dungeon Overview and Level Annotations

Branches:
Dungeon (11/15)            Temple (0/1) D:5            Lair (3/6) D:10
 Shoals (0/4) Lair:2        Snake (0/4) Lair:2          Orc (0/2) D:9
Volcano (1/1)

Altars:
Dithmenos
Elyvilon
Gozag
Makhleb
Okawaru
Qazlal
Trog
Wu Jian
The Shining One

Shops:
D:3 !   D:8 :


Message History

You puncture the stone giant! You burn the stone giant!
The stone giant is heavily wounded.
The stone giant hits you!!
You puncture the stone giant! You burn the stone giant!
The stone giant is almost dead.
The stone giant hits you!!
Unknown command.
You are too injured to fight recklessly!
You are too injured to fight recklessly!
You puncture the stone giant! You burn the stone giant.
You kill the stone giant!
Beogh accepts your kill. The efreet gestures at you.
The bolt of fire hits the fire elemental.
The fire elemental completely resists.
The bolt of fire hits you! The fire elemental closely misses you.
Your Invocations skill increases to level 7!
You puncture the fire elemental!
The fire elemental is heavily damaged.
The fire elemental hits you. The fire elemental burns you!
Unknown command.
The efreet gestures at you.
The fireball explodes!
The fireball engulfs the fire elemental.
The fire elemental completely resists.
The fireball engulfs you!
* * * LOW HITPOINT WARNING * * *
There is a rocky tunnel leading out of this place here.
The efreet gestures at you.
The fireball explodes!
The fireball engulfs the fire elemental.
The fire elemental completely resists.
The fireball engulfs you.
* * * LOW HITPOINT WARNING * * *
The fire elemental hits you. The efreet gestures at you.
The fireball explodes!
The fireball engulfs the fire elemental.
The fire elemental completely resists.
The fireball engulfs you!!
* * * LOW HITPOINT WARNING * * *
The fire elemental hits you. The fire elemental burns you!
You die...

#### ###
##..###.##
§≈§≈§≈..
##.##...#.#
§≈§≈≈...
#.#######.#
§§≈≈....
#.#88###.##
≈≈≈≈...
##.###E#.#
≈≈....# #.##○#@##
≈§≈§..##
##.#°##≈8#
§.....8####.##∩#
###
≈≈.........###°##
§.....8######8R8#
.....### ##°##
....## .9○ .####
§§.≈. ## .≈§≈.§.


You could see a fire elemental.

Vanquished Creatures
  A stone giant (Volcano)
  A hydra (Lair:1)
  Erica (D:8)
  2 two-headed ogres
  2 cyclopes (D:11)
  2 manticores
  2 cane toads (Lair:1)
  3 komodo dragons
  3 trolls
  A polar bear (Lair:2)
  A snapping turtle (Lair:2)
  Sigmund (D:6)
  A shadow (D:7)
  A wraith (D:11)
  3 basilisks
  A fire elemental (Volcano)
  7 fire bats (Volcano)
  17 yaks
  A steam dragon (D:9)
  A wyvern (D:7)
  2 acid dragons
  4 water moccasins
  2 orc warriors
  A sky beast (D:7)
  An ice beast (D:5)
  A black bear (D:5)
  4 necrophages
  An ogre (D:5)
  2 centaurs
  4 wolves (Lair:1)
  A kobold brigand (D:9)
  5 bullfrogs
  Blork the orc (D:5)
  2 gnoll sergeants
  4 scorpions
  A wyvern skeleton (D:6)
  5 killer bees (D:10)
  An electric eel (D:7)
  3 wights (D:9)
  6 howler monkeys
  7 lava snakes (Volcano)
  2 centaur zombies
  3 hounds
  9 orc priests
  3 bullfrog skeletons
  2 gnoll shamans
  A centaur skeleton (D:5)
  A scorpion zombie (D:5)
  6 orc wizards
  A howler monkey zombie (D:9)
  8 gnolls
  A howler monkey skeleton (D:5)
  9 adders
  A shadow imp (D:6)
  2 white imps
  An ufetubus (D:5)
  3 worms
  2 dart slugs
  29 orcs
  9 endoplasms
  6 giant cockroaches
  12 goblins
  7 hobgoblins
  3 jackals (D:3)
  13 kobolds
  6 quokkas
  8 ball pythons
  8 bats
  5 frilled lizards
  9 rats
280 creatures vanquished.

Vanquished Creatures (collateral kills)
  A two-headed ogre (D:10)
  An ugly thing (D:11)
  A yak (Lair:1)
  An orc (D:9)
4 creatures vanquished.

Vanquished Creatures (others)
  An orc sorcerer (Lair:1)
  2 orc wizards
  5 orcs
  2 fungi (Lair:2)
  7 plants
17 creatures vanquished.

Grand Total: 301 creatures vanquished

Notes
Turn   | Place    | Note
-------+----------+-------------------------------------------
     0 | D:1      | safid the Hill Orc Fighter began the quest for the Orb.
     0 | D:1      | Reached XP level 1. HP: 19/19 MP: 1/1
   145 | D:1      | Reached XP level 2. HP: 26/27 MP: 2/2
   175 | D:1      | Reached skill level 3 in Axes
   423 | D:1      | Found a faded altar of an unknown god.
   431 | D:1      | Reached XP level 3. HP: 25/33 MP: 3/3
   975 | D:2      | Reached XP level 4. HP: 38/40 MP: 4/4
  1114 | D:2      | Reached skill level 4 in Axes
  1578 | D:3      | Reached skill level 5 in Axes
  1644 | D:3      | Reached XP level 5. HP: 46/46 MP: 5/5
  2062 | D:3      | Found Ybenatt's Distillery.
  2066 | D:3      | Bought a potion of heal wounds for 65 gold pieces
  2413 | D:3      | Found an iron altar of Okawaru.
  2413 | D:3      | Found a bloodstained altar of Trog.
  2577 | D:3      | Bought a potion of curing for 39 gold pieces
  2633 | D:4      | Identified the +9 trident of Imminent Death {flame, rPois
                  | Dex+4}
  2878 | D:4      | Found an opulent altar of Gozag.
  2932 | D:4      | Reached skill level 6 in Axes
  3084 | D:4      | Noticed a necrophage
  3091 | D:4      | Killed a necrophage
  3092 | D:4      | Reached skill level 7 in Axes
  3092 | D:4      | Reached XP level 6. HP: 45/52 MP: 6/6
  3531 | D:5      | Entered Level 5 of the Dungeon
  3554 | D:5      | Found a staircase to the Ecumenical Temple.
  3569 | D:5      | Noticed an ice beast
  3579 | D:5      | Killed an ice beast
  3580 | D:5      | Reached skill level 8 in Axes
  3670 | D:5      | Reached XP level 7. HP: 59/59 MP: 7/7
  3806 | D:5      | Reached skill level 9 in Axes
  3861 | D:5      | Became a worshipper of Beogh the Brigand
  4052 | D:5      | Reached skill level 10 in Axes
  4073 | D:5      | Reached skill level 11 in Axes
  4073 | D:5      | Reached XP level 8. HP: 55/66 MP: 8/8
  4426 | D:5      | Noticed Blork the orc
  4432 | D:5      | Killed Blork the orc
  4433 | D:5      | Reached skill level 12 in Axes
  5077 | D:6      | Reached * piety under Beogh
  5078 | D:6      | Reached skill level 13 in Axes
  5208 | D:6      | Noticed Sigmund
  5241 | D:6      | Killed Sigmund
  5242 | D:6      | Reached skill level 14 in Axes
  5242 | D:6      | Reached XP level 9. HP: 23/71 MP: 9/9
  5533 | D:6      | Noticed a troll
  5540 | D:6      | Killed a troll
  5968 | D:7      | Reached skill level 15 in Axes
  6675 | D:7      | Reached ** piety under Beogh
  6806 | D:7      | Reached skill level 16 in Axes
  7085 | D:7      | Reached skill level 5 in Fighting
  7171 | D:7      | Found an ornate altar of the Wu Jian Council.
  7267 | D:7      | Reached skill level 5 in Armour
  7480 | D:7      | Found a glowing golden altar of the Shining One.
  7577 | D:7      | Reached XP level 10. HP: 72/83 MP: 10/10
  7657 | D:8      | Found a stormy altar of Qazlal.
  7814 | D:8      | Found Zalep's Book Boutique.
  8029 | D:8      | Noticed Erica
  8051 | D:8      | Killed Erica
  8614 | D:9      | Found a shadowy altar of Dithmenos.
  8753 | D:9      | Reached *** piety under Beogh
  8919 | D:9      | Noticed a two-headed ogre
  8929 | D:9      | Killed a two-headed ogre
  9105 | D:9      | Noticed a manticore
  9116 | D:9      | Killed a manticore
  9451 | D:9      | Reached XP level 11. HP: 37/97 MP: 11/11
  9475 | D:9      | Reached skill level 10 in Fighting
  9907 | D:9      | Found a staircase to the Orcish Mines.
 10040 | D:9      | Found a burning altar of Makhleb.
 10136 | D:10     | Entered Level 10 of the Dungeon
 10136 | D:10     | Found a staircase to the Lair.
 10249 | D:10     | Noticed a two-headed ogre
 10256 | D:10     | Killed a two-headed ogre
 10434 | D:10     | Found a white marble altar of Elyvilon.
 10452 | D:10     | Gained Dorog as an ally
 10453 | D:10     | Reached **** piety under Beogh
 10748 | D:11     | Noticed a manticore
 10757 | D:11     | Killed a manticore
 10758 | D:11     | Reached skill level 10 in Armour
 10920 | D:11     | Noticed a cyclops
 10923 | D:11     | Noticed a two-headed ogre
 10929 | D:11     | Killed a cyclops
 10932 | D:11     | Killed a two-headed ogre
 11341 | D:11     | Noticed a cyclops
 11348 | D:11     | Killed a cyclops
 11418 | D:11     | Reached skill level 1 in Invocations
 11482 | D:11     | Noticed a brown ugly thing
 11490 | D:11     | Killed a brown ugly thing
 11636 | Lair:1   | Entered Level 1 of the Lair of Beasts
 11667 | Lair:1   | Noticed a seven-headed hydra
 11673 | Lair:1   | Your ally Dorog died
 11988 | Lair:1   | Killed a seven-headed hydra
 12399 | Lair:1   | Reached XP level 12. HP: 71/113 MP: 15/15
 12627 | Lair:1   | Reached skill level 5 in Invocations
 13441 | Lair:2   | Found a staircase to the Shoals.
 13528 | Lair:2   | Found a dark tunnel.
 13799 | Volcano  | Entered a volcano
 14519 | Volcano  | Noticed a stone giant
 14531 | Volcano  | Killed a stone giant
 14537 | Volcano  | HP: 3/115 [efreet/fireball (28)]
 14538 | Volcano  | Slain by a fire elemental

Illustrated notes

Levels and vault maps discovered:
D:1:      saegor_arrival_simple_b, layout_basic, ebering_ecumenical_altar_box,
          minmay_tall_x
D:2:      layout_rooms, minmay_heptomino_o4
D:3:      layout_loops_corners, grunt_temple_overflow_bloody_war, serial_shops,
          nicolae_shop_stone, nicolae_concentric_dashed_squares_mild
D:4:      layout_basic, grunt_gozag_statues
D:5:      minmay_diamond_boxcup, layout_basic, minmay_temple_entry_junction,
          uniq_blork_the_orc
D:6:      layout_cave_pods, uniq_sigmund
D:7:      layout_basic, mainiacjoe_overflow_catch_the_wave
D:8:      layout_loops_ring, nicolae_qazlal_scattered_showers, serial_shops,
          nicolae_shop_waterfront, uniq_erica
D:9:      minmay_skewed_foursquare, layout_irregular_city,
          lightli_temple_of_fire, grunt_dithmenos_smoke_and_mirrors, orc_0_dummy
D:10:     layout_rooms, elyvilon_altar_3
D:11:     layout_loops_ring, hex_medium
Lair:1:   layout_chaotic_city, serial_bayou_shore_b, serial_bayou_shore_b
Lair:2:   layout_small_grid, minmay_shoals_entry_hut,
          minmay_snake_entry_guardpost_large, nicolae_volcano_entry_lava_flow
Lair:3:   hellmonk_ruined_rings, layout_layer_cave, ebering_ghost_funeral_grove
Volcano:  volcano_grotto [vgs_hot_hot_hot]

Skill      XL: |  1  2  3  4  5  6  7  8  9 10 11 12 |
---------------+-------------------------------------+-----
Axes           | 3 5 7 8 11 14 16 | 16.0
Fighting       | 4 5 9 12 13 | 13.5
Shields        | 4 |  4.0
Armour         | 4 5 8 10 11 | 11.5
Invocations    | 4 7 |  7.1

Action                   |  1- 3 |  4- 6 |  7- 9 | 10-12 || total
-------------------------+-------+-------+-------+-------++-------
Melee: War axe           |   107 |   128 |       |       ||   235
       Trident           |       |    30 |   249 |   428 ||   707
Throw: Dart              |       |       |       |    11 ||    11
       Throwing net      |       |       |       |     1 ||     1
Invok: Convert to Beogh  |       |       |     1 |       ||     1
Evoke: Wand              |       |       |       |     5 ||     5
  Use: Scroll            |       |       |     3 |    14 ||    17
       Potion            |       |       |       |     3 ||     3
 Stab: Distracted        |       |       |       |     2 ||     2
       Confused          |       |       |       |     1 ||     1
Armor: Scale mail        |    23 |       |       |       ||    23
       Chain mail        |    39 |    90 |   121 |    16 ||   266
       Plate armour      |       |       |       |    71 ||    71
       Ice dragon scales |       |       |       |   170 ||   170
Dodge: Dodged            |    54 |    51 |    75 |   164 ||   344
Block: Buckler           |    17 |    32 |    43 |   109 ||   201
